AoeStats
← ricky102603

Arabia

509501775Analyzed
1v1 RM · 7d ago on Sep 27, 2026· 43m 52s· 2 players
Game mode
Random Map
Map size
Tiny (2 player)
Population
200
Speed
Normal
Resources
Standard
Victory
Conquest
Starting age
Dark Age
Ending age
Imperial Age
RankedLock teamsTeams togetherTeam positionsShared explorationLock speedFull tech treeHidden civsTurbo modeCheats
Victory
Defeat
🇦🇷 Mongols · Argentina
1014
+16
🇹🇼 Ethiopians · Taiwan
1020
-16
Darth Sidious
6:56 Loom
9:22 Feudal Age
9:51 Double-Bit Axe
18:54 Wheelbarrow
19:10 Gold Mining
19:28 Fletching
20:39 Bloodlines
22:59 Castle Age
21:31 Padded Archer Armor
23:50 Bow Saw
26:23 Scale Barding Armor
26:12 Horse Collar
26:28 Light Cavalry
29:24 Chain Barding Armor
31:39 Forging
32:11 Elite Skirmisher
35:52 Iron Casting
36:32 Heavy Plow
37:27 Hand Cart
42:19 Imperial Age
ricky102603
6:50 Loom
9:23 Feudal Age
13:03 Fletching
23:13 Castle Age
23:51 Double-Bit Axe
24:00 Gold Mining
24:41 Crossbowman
25:28 Thumb Ring
25:27 Padded Archer Armor
27:22 Leather Archer Armor
28:23 Bodkin Arrow
30:33 Forging
31:00 Scale Barding Armor
30:59 Scale Mail Armor
37:34 Imperial Age
36:06 Ballistics
36:03 Squires
36:28 Chain Mail Armor
37:40 Arbalester
Connection lost

Rejoining the realm…

Still unreachable

The connection could not be restored.

Session expired

The server has moved on; the page needs a fresh start.